 Dungeon Crawl Stone Soup version 0.20.1-1-g8b1a95d (webtiles) character file.

336 Timinator the Insei (level 6, 0/44 HPs)
             Began as a Merfolk Transmuter on Aug 29, 2017.
             Was a Follower of Uskayaw.
             Slain by a leopard gecko (4 damage)
             ... on level 5 of the Dungeon on Aug 30, 2017.
             The game lasted 01:20:15 (2547 turns).

Timinator the Insei (Merfolk Transmuter)            Turns: 2547, Time: 01:20:16

Health: 0/44       AC:  4    Str:  7 (10) XL:     6   Next: 54%
Magic:  11/11      EV:  7    Int: 11 (13) God:    Uskayaw [*.....]
Gold:   144        SH:  0    Dex: 15 (16) Spells: 4/12 levels left

rFire    x . .     SeeInvis .     - Unarmed
rCold    + . .     Gourm    .   (no shield)
rNeg     . . .     Faith    .   u - +1 leather armour
rPois    .         Spirit   .   (no helmet)
rElec    .         Reflect  .   (no cloak)
rCorr    .         Harm     .   (no gloves)
MR       +....                  (no boots)
Stlth    +.........             (no amulet)
Regen    0.2/turn               g - ring of protection from magic
MPRegen  0.2/turn               q - ring of ice

@: appendage, held
A: change form in water, swift swim, stealthy swim, horns 2
a: End Transformation, Stomp, Renounce Religion


You were on level 5 of the Dungeon.
You worshipped Uskayaw.
Uskayaw was noncommittal.
You were not hungry.
You had grown temporary horns.
You visited 1 branch of the dungeon, and saw 5 of its levels.

You collected 144 gold pieces.

Inventory:

Hand Weapons
 k - a +1 dagger of chaos
 z - a +0 spear
Missiles
 a - 39 arrows
 e - 8 poisoned javelins (quivered)
 j - 13 poisoned needles
Armour
 b - a +0 robe
 i - a +0 helmet
 o - a +0 scale mail
 s - a +0 leather armour
 u - a +1 leather armour (worn)
 v - a +0 ring mail
Jewellery
 g - a ring of protection from magic (left hand)
 q - a ring of ice (right hand)
 t - an uncursed amulet of rage {unknown}
 y - an uncursed ring of magical power {unknown}
Scrolls
 r - a scroll of enchant armour
Potions
 h - 3 potions of flight
Books
 c - a book of Changes

   Spells                             Type                      Level
   a - Beastly Appendage              Transmutation                1
   b - Sticks to Snakes               Transmutation                2
   c - Spider Form                    Transmutation/Poison         3
   d - Ice Form                       Ice/Transmutation            4
   e - Blade Hands                    Transmutation                5
Comestibles
 d - 2 bread rations
 w - a royal jelly


   Skills:
 + Level 1.8 Fighting
 + Level 0.5 Armour
 + Level 3.6 Dodging
 + Level 5.0 Unarmed Combat
 + Level 3.5 Spellcasting
 + Level 4.3 Transmutations
 * Level 1.8 Ice Magic


You had 4 spell levels left.
You knew the following spells:

 Your Spells              Type           Power        Failure   Level  Hunger
a - Beastly Appendage     Tmut           ##....       6%          1    #......
b - Spider Form           Tmut/Pois      #.........   41%         3    ###....
c - Ice Form              Ice/Tmut       ##......     71%         4    #####..


Dungeon Overview and Level Annotations

Branches:
Dungeon (5/15)
 Temple: D:4-7

Altars:
Fedhas
Makhleb
Ru
Uskayaw
Xom

Shops:
D:5 (


Innate Abilities, Weirdness & Mutations

You revert to your normal form in water.
You are very nimble and swift while swimming.
You are very stealthy in the water. (Stealth+)
You have a pair of horns on your head.


Message History

The gnoll shouts!
Your headbutt misses the adder. The adder bites you but does no damage.
The leopard gecko hisses menacingly.
The adder bites you but does no damage.
A gnoll comes into view. It is wielding a spear.
The gnoll shouts!
The gnoll throws a throwing net.
The throwing net hits you.
You become entangled in the net!
You see here a throwing net.
You struggle against the net.
The leopard gecko bites you.
* * * LOW HITPOINT WARNING * * *
The adder barely misses you. The gnoll hits you with a club.
* * * LOW HITPOINT WARNING * * *
The leopard gecko bites you.
* * * LOW HITPOINT WARNING * * *
The adder bites you.
* * * LOW HITPOINT WARNING * * *
You struggle against the net.
The gnoll completely misses you. The adder barely misses you.
The leopard gecko bites you.
You die...

..#########....#...
#.............#...
#.............#...
#.....g...#####...
#....g....# ?....
#######.........# ...g.8
..........).....#......g
........Y.g.....#...g.$.
.......@SO......#.......
......ggl[......#
.......g........+
..[.g...........#
................#
.......##########
....... .......


You could see a sky beast, an ogre, 7 gnolls, an adder and a leopard gecko.

Vanquished Creatures
  An ogre (D:4)
  A crimson imp (D:3)
  2 orc wizards (D:3)
  A worker ant (D:5)
  2 adders (D:2)
  4 oozes
  5 worms
  2 dart slugs (D:2)
  A leopard gecko (D:2)
  11 orcs (D:3)
  2 giant cockroaches (D:3)
  5 goblins
  3 hobgoblins
  2 jackals (D:1)
  5 kobolds
  A quokka (D:2)
  A ball python (D:1)
  6 bats
  2 frilled lizards
  6 rats
63 creatures vanquished.

Vanquished Creatures (others)
  An orc wizard (D:3)
1 creature vanquished.

Grand Total: 64 creatures vanquished

Notes
Turn   | Place    | Note
-------+----------+-------------------------------------------
     0 | D:1      | Timinator the Merfolk Transmuter began the quest for the Orb.
     0 | D:1      | Reached XP level 1. HP: 15/15 MP: 3/3
   291 | D:1      | Reached XP level 2. HP: 13/21 MP: 3/5
   848 | D:1      | Reached XP level 3. HP: 18/26 MP: 4/6
   911 | D:1      | Learned a level 3 spell: Spider Form
  1234 | D:2      | Reached skill level 4 in Unarmed Combat
  1236 | D:2      | Found a hide-covered altar of Uskayaw.
  1246 | D:2      | Found a blossoming altar of Fedhas.
  1256 | D:2      | Reached XP level 4. HP: 32/32 MP: 5/8
  1265 | D:2      | Became a worshipper of Uskayaw the Reveler
  1284 | D:2      | Learned a level 4 spell: Ice Form
  1345 | D:2      | Reached * piety under Uskayaw
  1570 | D:3      | Reached ** piety under Uskayaw
  1575 | D:3      | Reached *** piety under Uskayaw
  1593 | D:3      | Found a sacrificial altar of Ru.
  1709 | D:3      | Found a burning altar of Makhleb.
  1710 | D:3      | Found a shimmering altar of Xom.
  1844 | D:3      | Reached XP level 5. HP: 28/37 MP: 9/9
  1906 | D:3      | Reached skill level 1 in Ice Magic
  2274 | D:4      | Reached XP level 6. HP: 43/44 MP: 8/11
  2493 | D:5      | Entered Level 5 of the Dungeon
  2509 | D:5      | Reached skill level 5 in Unarmed Combat
  2515 | D:5      | Found Falux's Antique Weapon Shoppe.
  2521 | D:5      | Noticed a sky beast
  2547 | D:5      | Slain by a leopard gecko

Skill      XL: |  1  2  3  4  5  6 |
---------------+-------------------+-----
Transmutations | 3 4 |  4.3
Dodging        | 3 |  3.6
Unarmed Combat | 4 5 |  5.0
Spellcasting   | 3 |  3.5
Ice Magic      | 1 |  1.8
Fighting       | |  1.8
Armour         | |  0.5

Action                   |  1- 3 |  4- 6 || total
-------------------------+-------+-------++-------
Melee: Unarmed           |    82 |   158 ||   240
       Headbutt          |    11 |    22 ||    33
       Punch             |     1 |     3 ||     4
 Cast: Beastly Appendage |    19 |    23 ||    42
       Spider Form       |     1 |       ||     1
  Use: Scroll            |     2 |     6 ||     8
       Potion            |     1 |    10 ||    11
 Stab: Sleeping          |     1 |     1 ||     2
  Eat: Chunk             |     2 |     3 ||     5
       Fruit             |       |     1 ||     1
Armor: Robe              |    18 |     5 ||    23
       Leather armour    |       |    19 ||    19
Dodge: Dodged            |    60 |    80 ||   140
